 Dungeon Crawl Stone Soup version 0.22-a0-443-g17c3723 (webtiles) character file.

37 Gorglomux the Chopper (level 3, 0/23 HPs)
             Began as a Gargoyle Fighter on June 1, 2018.
             Slain by Sigmund
             ... wielding a +0 scythe
              (8 damage)
             ... on level 2 of the Dungeon.
             The game lasted 00:00:25 (851 turns).

Gorglomux the Chopper (Gargoyle Fighter)             Turns: 851, Time: 00:00:26

Health: 0/23       AC: 10    Str: 20    XL:     3   Next: 41%
Magic:  3/3        EV:  7    Int:  8    God:
Gold:   50         SH:  9    Dex: 13    Spells: 2/2 levels left

rFire    . . .     SeeInvis .   a - +0 war axe
rCold    . . .     Gourm    .   c - +0 shield
rNeg     + + .     Faith    .   b - +0 scale mail
rPois    ∞         Spirit   .   (no helmet)
rElec    +         Reflect  .   (no cloak)
rCorr    .         Harm     .   (no gloves)
MR       .....                  (no boots)
Stlth    ..........             (no amulet)
HPRegen  0.07/turn              j - +4 ring of dexterity
MPRegen  0.08/turn              m - ring of positive energy

@: no status effects
A: negative energy resistance 1, electricity resistance, unbreathing,
petrification resistance, rot immunity, AC +3
a: no special abilities


You were on level 2 of the Dungeon.
You were not hungry.

You visited 1 branch of the dungeon, and saw 2 of its levels.

You collected 50 gold pieces.

Inventory:

Hand Weapons
 a - a +0 war axe (weapon)
Missiles
 Z - a throwing net (quivered)
Armour
 b - a +0 scale mail (worn)
 c - a +0 shield (worn)
Jewellery
 j - a +4 ring of dexterity (left hand)
 m - a ring of positive energy (right hand)
Scrolls
 k - a scroll of amnesia {unknown}
 l - 2 scrolls of identify {unknown}
 n - 3 scrolls of teleportation {unknown}
 X - 3 scrolls of remove curse {unknown}
Potions
 d - a potion of might
 h - 2 potions of heal wounds {unknown}
 i - 2 potions of curing {unknown}
Comestibles
 f - 3 rations
 Y - 7 chunks of flesh


   Skills:
 - Level 3.2 Fighting
 + Level 3.4 Axes
 - Level 3.2 Armour
 - Level 3.2 Shields


You had 2 spell levels left.
You didn't know any spells.
Your spell library was empty.

Dungeon Overview and Level Annotations

Branches:
Dungeon (2/15)

Altars:

Annotations:
D:2 Sigmund


Innate Abilities, Weirdness & Mutations

You are resistant to torment.
Your stone body is resilient. (AC +3)
You are immune to poison.
You resist negative energy. (rN+)
You are resistant to electric shocks. (rElec)
You can survive without breathing.
You are immune to petrification.
You are immune to rotting.


Message History

You carve Sigmund but do no damage!
Sigmund is almost dead!
Sigmund points at you and mumbles some strange butts!
The magic dart hits you!!!
You closely miss Sigmund!
Sigmund is butt dead!
Sigmund casts a spell!
Sigmund flickers and vanishes!!!
Deactivating autopickup; reactivate with Butt-A!
Something butts you but does no damage!
No target in view!!!
You completely butts something! Something hits you but does no damage!
No target in view!!!
No target in view!!!
You closely miss something! Something hits you but does no damage!
You miss something! You miss something! Something hits you!
You miss something! Something hits you!
You butt-ly miss something!
Something hits you!!! rip

############ ###
#...@{...... #.>
#.########## #.#
#.# #.#
#########.# #.#
.....<....######
#.#
########.......#
#.# #..####.#
#.# ######..#
##.# ###.......#
# .#.#####..#


There were no monsters in sight!

Vanquished Creatures
  An adder (D:2)
  An ooze (D:1)
  A leopard gecko (D:1)
  2 giant cockroaches (D:2)
  A goblin (D:2)
  5 hobgoblins
  3 jackals (D:1)
  A kobold (D:1)
  4 bats
  A frilled lizard (D:2)
  A rat (D:1)
21 creatures vanquished.

Notes
Turn   | Place    | Note
-------+----------+-------------------------------------------
     0 | D:1      | Gorglomux the Gargoyle Fighter began the quest for the Orb.
     0 | D:1      | Reached XP level 1. HP: 14/14 MP: 1/1
   273 | D:1      | Reached XP level 2. HP: 19/19 MP: 2/2
   613 | D:2      | Reached skill level 3 in Axes
   728 | D:2      | Reached XP level 3. HP: 23/23 MP: 3/3
   833 | D:2      | Noticed Sigmund
   851 | D:2      | Slain by Sigmund

Vault maps used:
D:1:      minmay_arrival_three_doors
D:2:      kennysheep_six_static_rooms, chequers_ecumenical_altar_simple_redux,
          grunt_ministairs_1, uniq_sigmund

Skill      XL: |  1  2 |
---------------+-------+-----
Axes           | 2 3 |  3.4
Fighting       | |  3.2
Armour         | |  3.2
Shields        | |  3.2

Action                   || total
-------------------------++-------
Melee: War axe           ||    83
Armor: Scale mail        ||    48
Dodge: Dodged            ||    35
Block: Shield            ||    38

Table legend:
 A = Spawn XP
 B = Non-spawn XP
 C = Spawn XP percentage of total XP
 D = Spawn monster count
 E = Non-spawn monster count
 F = Spawn count percentage of total count
 G = Total turns spent on level
                    A         B        C        D         E        F      G
               +---------+---------+-------+---------+---------+-------+---------
         Total |       0 |      54 |   0.0 |       0 |      21 |   0.0 |   851
               +---------+---------+-------+---------+---------+-------+---------
           D:1 |       0 |      28 |   0.0 |       0 |      12 |   0.0 |   599
           D:2 |       0 |      26 |   0.0 |       0 |       9 |   0.0 |   252
               +---------+---------+-------+---------+---------+-------+---------
